 Dungeon Crawl Stone Soup version 0.27-a0-1101-ge311f74bc8 (webtiles) character file.

Game seed: 1426192959358452622

2965 robertstho the Covert (level 9, -6/62 HPs)
             Began as an Octopode Berserker on Apr 28, 2021.
             Was an Elder of Trog.
             Mangled by a gnoll
             ... wielding a +0 flail
              (12 damage)
             ... on level 7 of the Dungeon.
             The game lasted 00:09:37 (7162 turns).

robertstho the Covert (Octopode Berserker)          Turns: 7162, Time: 00:09:38

Health: -6/62      AC:  1    Str: 17    XL:     9   Next: 82%
Magic:  9/9        EV: 13    Int: 10    God:    Trog [****..]
Gold:   341        SH:  8    Dex: 13    Spells: 8/8 levels left

rFire    . . .     SeeInvis .   k - +0 falchion (elec)
rCold    . . .     Faith    .   p - +0 kite shield
rNeg     . . .     Spirit   .   (helmet restricted)
rPois    .         Reflect  .   (no amulet)
rElec    .         Harm     .   (no ring)
rCorr    .         Rampage  .   (no ring)
Will     .....                  (no ring)
Stlth    ++++++....             (no ring)
HPRegen  0.20/turn              (no ring)
MPRegen  0.11/turn              (no ring)
                                (no ring)
                                (no ring)

@: on berserk cooldown, slowed, very slow
A: almost no armour, amphibious, 8 rings, camouflage 1, gelatinous body 1,
(nimble swimmer 1), tentacles
a: Renounce Religion, Berserk, Trog's Hand, Brothers in Arms


You were on level 7 of the Dungeon.
You worshipped Trog.
Trog was greatly pleased with you.
You visited 1 branch of the dungeon, and saw 7 of its levels.

You collected 341 gold pieces.

Inventory:

Hand Weapons
 a - a +0 hand axe
 k - a +0 falchion of electrocution (weapon)
 s - a +0 morningstar of flaming
Missiles
 m - 7 javelins
Armour
 p - a +0 kite shield (worn)
Wands
 l - a wand of digging (3)
 r - a wand of charming (13)
Scrolls
 f - 3 scrolls of magic mapping
 i - a scroll of summoning
 q - 2 scrolls of fog
 t - a scroll of teleportation
 v - a scroll of fear {unknown}
Potions
 b - 2 potions of mutation
 d - a potion of ambrosia {unknown}
 e - a potion of lignification {unknown}
 g - a potion of berserk rage {unknown}
 h - a potion of magic {unknown}
 j - a potion of attraction {unknown}
 n - 3 potions of brilliance {unknown}
 o - 2 potions of degeneration {unknown}
 u - a potion of haste {unknown}


   Skills:
 * Level 6.3 Fighting
 + Level 5.0 Long Blades
 + Level 4.5 Axes
 * Level 6.5 Dodging
 * Level 11.4 Stealth
 + Level 1.8 Shields


You had 8 spell levels left.
You didn't know any spells.
Your spell library was empty.

Dungeon Overview and Level Annotations

Branches:
Dungeon (7/15)             Temple (0/1) D:7

Altars:
Okawaru
Uskayaw
Yredelemnul
The Shining One


Innate Abilities, Weirdness & Mutations

You cannot wear most types of armour.
You are amphibious.
You can wear up to eight rings at the same time.
Your skin changes colour to match your surroundings (Stealth+).
Your rubbery body absorbs attacks. (AC +1, EV +1)
((You are camouflaged near water. (Stealth+)))
You have tentacles for arms and can constrict up to eight enemies at once.


Message History

You slash the gnoll!
You kill the gnoll!
Trog accepts your kill. The gnoll barely misses you.
Things that are here:
a +0 flail; a +0 spear; a gnoll corpse You feel a strong urge to attack something.
You are no longer berserk.
You are exhausted.
You feel yourself slow down. The gnoll hits you with a +0 flail.
There is an open door, spattered with blood here.
You hit the gnoll but do no damage. Your grab misses the gnoll.
The gnoll hits you with a +0 spear! The gnoll hits you with a +0 flail!
* * * LOW HITPOINT WARNING * * *
The gnoll hits you with a +0 spear.
* * * LOW HITPOINT WARNING * * *
You block the gnoll's attack.
Unknown command.
You feel better. The gnoll closely misses you. You block the gnoll's attack.
The gnoll completely misses you. The gnoll hits you with a +0 flail!
* * * LOW HITPOINT WARNING * * *
You feel better. The gnoll barely misses you.
The gnoll hits you with a +0 flail!
* * * LOW HITPOINT WARNING * * *
The gnoll misses you. You block the gnoll's attack.
The gnoll closely misses you.
You riposte.
You slash the gnoll! You grab the gnoll.
You squeeze the gnoll, but do no damage.
The gnoll is heavily wounded.
Things that are here:
a +0 flail; a +0 spear; a gnoll corpse You release your grip on the gnoll.
The gnoll hits you from afar with a +0 spear!
* * * LOW HITPOINT WARNING * * *
Items here: )) [[ †.
You feel better.
The gnoll hits you from afar with a +0 spear!
* * * LOW HITPOINT WARNING * * *
The gnoll hits you with a +0 flail!
You die...

#...g...# #.##....# #<....
#...g...# #.##....###.####
#.......# #.##........#.#.
#.......# #.##........#.#.
#.......#####.##..........#.
+.......#...........####....
#.......#.###...............
#...$...#.######............
#........gg@...'............
#.......#'######............
#...........................
#...........................
######......................
#..........########....
#..........########....
###########............
#............


You could see 2 gnolls.

Vanquished Creatures
  Maggie (D:7)
  A steam dragon (D:4)
  Edmund (D:4)
  2 water moccasins (D:7)
  3 sky beasts
  An ice beast (D:5)
  A hornet zombie (D:6)
  A black bear (D:6)
  2 ogres (D:5)
  3 necrophages
  A centaur (D:6)
  2 phantoms (D:4)
  A bullfrog (D:7)
  A gnoll sergeant (D:7)
  A kobold brigand (D:6)
  3 scorpions (D:5)
  A water moccasin skeleton (D:2)
  2 centaur zombies
  4 hounds
  Crazy Yiuf (D:4)
  3 iguanas
  An orc wizard (D:4)
  2 hound skeletons (D:4)
  9 gnolls
  7 adders
  A white imp (D:5)
  An adder zombie (D:5)
  A worm (D:2)
  3 dart slugs
  22 orcs
  7 endoplasms
  4 giant cockroaches
  8 goblins
  10 hobgoblins
  6 jackals
  3 quokkas
  5 ball pythons
  5 bats
  3 frilled lizards
  9 kobolds
  5 rats
148 creatures vanquished.

Vanquished Creatures (collateral kills)
  2 orcs (D:4)
2 creatures vanquished.

Vanquished Creatures (others)
  A plant (D:1)
1 creature vanquished.

Grand Total: 151 creatures vanquished

Notes
Turn   | Place    | Note
-------+----------+-------------------------------------------
     0 | D:1      | robertstho the Octopode Berserker began the quest for the
                  | Orb.
     0 | D:1      | Reached XP level 1. HP: 16/16 MP: 1/1
   214 | D:1      | Reached XP level 2. HP: 18/21 MP: 2/2
   605 | D:1      | Reached skill level 1 in Stealth
   633 | D:1      | Reached XP level 3. HP: 26/26 MP: 3/3
   668 | D:1      | Reached ** piety under Trog
  1055 | D:2      | Found a faded altar of an unknown god.
  1159 | D:2      | Reached skill level 2 in Stealth
  1159 | D:2      | Reached XP level 4. HP: 33/33 MP: 4/4
  1313 | D:2      | Reached skill level 3 in Stealth
  1476 | D:3      | Reached XP level 5. HP: 37/37 MP: 5/5
  2383 | D:4      | Noticed a necrophage
  2390 | D:4      | Killed a necrophage
  2391 | D:4      | Reached skill level 4 in Stealth
  2391 | D:4      | Reached XP level 6. HP: 33/43 MP: 6/6
  2525 | D:4      | Reached *** piety under Trog
  2536 | D:4      | Reached skill level 5 in Stealth
  2903 | D:4      | Found a hide-covered altar of Uskayaw.
  2939 | D:4      | Noticed a necrophage
  2947 | D:4      | Killed a necrophage
  2948 | D:4      | Reached skill level 6 in Stealth
  2948 | D:4      | Reached XP level 7. HP: 36/48 MP: 7/7
  3071 | D:4      | Reached skill level 1 in Long Blades
  3191 | D:4      | Found a runed translucent door.
  3192 | D:4      | Noticed Crazy Yiuf
  3237 | D:4      | Noticed Edmund
  3246 | D:4      | Killed Edmund
  3369 | D:4      | Noticed a steam dragon
  3377 | D:4      | Killed a steam dragon
  3378 | D:4      | Reached skill level 7 in Stealth
  3604 | D:4      | Reached XP level 8. HP: 18/54 MP: 8/8
  3852 | D:4      | Killed Crazy Yiuf
  3923 | D:5      | Entered Level 5 of the Dungeon
  3953 | D:5      | Reached skill level 8 in Stealth
  3988 | D:5      | Reached skill level 5 in Dodging
  4289 | D:5      | Reached skill level 5 in Fighting
  4289 | D:5      | Reached skill level 9 in Stealth
  4850 | D:5      | Reached skill level 10 in Stealth
  5012 | D:6      | Found a basalt altar of Yredelemnul.
  5014 | D:6      | Noticed a profane servitor
  5040 | D:6      | Reached XP level 9. HP: 40/61 MP: 9/9
  5194 | D:6      | Found an iron altar of Okawaru.
  6067 | D:6      | Found a glowing golden altar of the Shining One.
  6070 | D:6      | Noticed an angel
  6413 | D:7      | Reached skill level 11 in Stealth
  6459 | D:7      | Noticed Maggie
  6473 | D:7      | Reached skill level 1 in Shields
  6473 | D:7      | Killed Maggie
  6474 | D:7      | Reached **** piety under Trog
  7027 | D:7      | Found a staircase to the Ecumenical Temple.
  7149 | D:7      | Reached skill level 5 in Long Blades
  7162 | D:7      | Mangled by a gnoll

Illustrated notes

Levels and vault maps discovered:
D:1:      dpeg_arrival_radiant, layout_rooms, serial_forest,
          infiniplex_forest_clump_small, infiniplex_forest_clump_large,
          infiniplex_forest_clump_cross, infiniplex_forest_lined_1,
          st_stairs_12, minmay_pentomino_q2
D:2:      layout_rooms, chequers_ecumenical_altar_island, st_stairs_14
D:3:      layout_basic
D:4:      layout_loops_ring, kennysheep_mini, fountainhead,
          uniq_crazy_yiuf_cottage, uniq_edmund
D:5:      layout_basic
D:6:      layout_cave_pools, grunt_temple_overflow_holy_war,
          okawaru_metal_pillars_3, patterned_corridor
D:7:      layout_basic, minmay_temple_entry_statues, uniq_maggie

Skill      XL: |  1  2  3  4  5  6  7  8  9 |
---------------+----------------------------+-----
Stealth        | 1 2 3 4 6 7 10 11 | 11.4
Fighting       | 4 5 6 |  6.3
Axes           | 4 |  4.5
Dodging        | 4 5 6 |  6.5
Long Blades    | 2 3 5 |  5.0
Shields        | 1 |  1.8

Action                   |  1- 3 |  4- 6 |  7- 9 || total
-------------------------+-------+-------+-------++-------
Melee: Hand axe          |    62 |    43 |       ||   105
       Constrict         |    16 |    20 |    34 ||    70
       Tentacles         |     9 |    14 |    40 ||    63
       Falchion          |       |    33 |   166 ||   199
       Unarmed           |       |     1 |       ||     1
Invok: Berserk           |     1 |     3 |    14 ||    18
       Trog's Hand       |       |       |     1 ||     1
  Use: Scroll            |       |     3 |     6 ||     9
       Potion            |       |       |     3 ||     3
 Stab: Sleeping          |     5 |    11 |    26 ||    42
       Distracted        |     2 |       |     1 ||     3
Armor: Skin              |    12 |    34 |     9 ||    55
Dodge: Dodged            |    38 |    26 |   102 ||   166
Block: Kite shield       |       |       |    49 ||    49
       Rpst.: Falchion   |       |     3 |    33 ||    36

Table legend: (Time is in decaauts)
 A = Elapsed time spent in this place.
 B = Non-inter-level travel time spent in this place.
 C = Inter-level travel time spent in this place.
 D = Time resting spent in this place.
 E = Time spent auto-exploring this place.
 F = Levels seen in this place.
 G = Mean time per level.
                   A        B        C        D        E       F      G
               +--------+--------+--------+--------+--------+-----+--------+
         Total |   7381 |   7151 |    230 |    934 |   5086 |   7 | 1054.4 |
       Dungeon |   7381 |   7151 |    230 |    934 |   5086 |   7 | 1054.4 |
               +--------+--------+--------+--------+--------+-----+--------+

Top non-repeatable levels by time:
     D:4: 1675 daAuts
     D:5: 1367 daAuts
     D:6: 1213 daAuts
     D:1: 961 daAuts
     D:3: 882 daAuts
     D:7: 769 daAuts
     D:2: 511 daAuts
